 Dungeon Crawl Stone Soup version 0.13-b1-23-g6bc71ad (webtiles) character file.

252 Kae the Chiller (level 4, -6/24 HPs)
             Began as a Deep Elf Ice Elementalist on Oct 2, 2013.
             Killed by divine providence
             ... invoked by an orc priest
              (12 damage)
             ... on Level 3 of the Dungeon.
             The game lasted 00:04:45 (2527 turns).

Kae the Chiller (Deep Elf Ice Elementalist)         Turns: 2527, Time: 00:04:45

HP  -6/24        AC  2     Str  6      XL: 4   Next: 55%
MP   9/13        EV 13     Int 23      God:
Gold 146         SH  0     Dex 15      Spells:  3 memorised,  3 levels left

Res.Fire  : . . .   See Invis. : .   r - -3,+0 orc hand axe (curse)
Res.Cold  : . . .   Warding    : .   a - +0 elf robe
Life Prot.: . . .   Conserve   : .   (no shield)
Res.Poison: .       Res.Corr.  : .   (no helmet)
Res.Elec. : .       Clarity    : .   (no cloak)
Sust.Abil.: . .     Spirit.Shd : .   (no gloves)
Res.Mut.  : .       Stasis     : .   (no boots)
Res.Rott. : .       Flight     : .   (no amulet)
Saprovore : . . .                    (no ring)
                                     d - +3 ring of intelligence

@: slightly resistant to hostile enchantments, fairly stealthy
A: no striking features
a: no special abilities


You were on level 3 of the Dungeon.
You were hungry.

You visited 1 branch of the dungeon, and saw 3 of its levels.

You collected 126 gold pieces.

Inventory:

Hand weapons
 e - a -1,+0 orcish dagger
 r - a cursed -3,+0 orcish hand axe (weapon)
 u - a -1,+0 orcish falchion
Missiles
 m - 31 darts (quivered)
Armour
 a - a +0 elven robe (worn)
Comestibles
 c - 3 bread rations
 g - a lemon
 o - an apple
 s - a choko
 v - a rotting chunk of human flesh
 z - a pear
Scrolls
 h - a scroll of noise {unknown}
 i - 3 scrolls of magic mapping {unknown}
 j - a scroll of fog {unknown}
 k - a scroll of enchant weapon II {unknown}
 l - 2 scrolls of identify {unknown}
 n - 4 scrolls of remove curse {unknown}
 q - a scroll of amnesia {unknown}
 t - a scroll of recharging {unknown}
Jewellery
 d - a +3 ring of intelligence (left hand)
Potions
 f - 4 potions of heal wounds {unknown}
 p - 2 potions of curing {unknown}
 w - 2 potions of brilliance {unknown}
 x - a potion of poison {unknown}
Books
 b - a book of Frost

   Spells                             Type                      Level
   *Freeze                            Ice                          1
   *Throw Frost                       Conjuration/Ice              2
   Ozocubu's Armour                   Charms/Ice                   3
   *Throw Icicle                      Conjuration/Ice              4
   Summon Ice Beast                   Ice/Summoning                4
   Condensation Shield                Ice                          4


   Skills:
 - Level 2.5 Dodging
 - Level 2.4 Stealth
 + Level 3.5 Spellcasting
 - Level 1.1 Conjurations
 * Level 5.2 Ice Magic


You had 3 spell levels left.
You knew the following spells:

 Your Spells              Type           Power        Failure   Level  Hunger
a - Freeze                Ice            ####         1%          1    None
b - Throw Frost           Conj/Ice       ###...       4%          2    #......
c - Throw Icicle          Conj/Ice       ###.....     30%         4    ####...


Dungeon Overview and Level Annotations

Branches:
Dungeon (3/27)

Altars:
Ashenzari


Message History

Confirm with . or Enter, or press ? or * to list all spells.
Aiming: Freeze
Press: ? - help, Shift-Dir - straight line, f/p - orc
Aim: an orc, wielding an orcish war axe (moderately wounded)
You freeze the orc.
The orc is almost dead.
The orc priest calls down the wrath of Beogh upon you.
Something smites you!
* * * LOW HITPOINT WARNING * * *
Casting: Freeze
Confirm with . or Enter, or press ? or * to list all spells.
Aiming: Freeze
Press: ? - help, Shift-Dir - straight line, f - orc wizard, p - orc
Aim: an orc wizard, wielding an orcish dagger and wearing an orcish robe You freeze the orc wizard.
The orc wizard is severely wounded.
The orc priest calls down the wrath of Beogh upon you.
Something smites you!
Ouch! That really hurt!
You die...

## #. ##. ###
.. ..# #. #.#
#o######### #.#
#oo@......# #.#
####'####.# #.#
#.....#.... #.#
#.....#.#.# #.#
#.....#.#.###
#.#
####.##.#.#.#
#.#
#.##.#.#.######
#.#
#.##.#.#......#
#.#
#...........#


You could see an orc priest, an orc wizard and an orc.

Vanquished Creatures
  Terence (D:3)
  3 adders (D:3)
  A giant mite (D:2)
  A giant gecko (D:3)
  5 orcs (D:3)
  8 bats
  7 goblins
  8 hobgoblins
  4 kobolds
  2 quokkas (D:3)
  2 giant cockroaches
  4 giant newts
  2 jackals (D:3)
  3 rats
51 creatures vanquished.

Notes
Turn   | Place    | Note
--------------------------------------------------------------
     0 | D:1      | Kae, the Deep Elf Ice Elementalist, began the quest for the Orb.
     0 | D:1      | Reached XP level 1. HP: 10/10 MP: 4/4
   335 | D:1      | Reached XP level 2. HP: 15/15 MP: 3/6
   698 | D:2      | Learned a level 2 spell: Throw Frost
   707 | D:2      | Reached skill level 4 in Ice Magic
   947 | D:2      | Found a shattered altar of Ashenzari.
  1258 | D:2      | Saw a vision of the Swamp and the Snake Pit.
  1258 | D:2      | Noticed a naga mage
  1258 | D:2      | Noticed a naga mage
  1258 | D:2      | Noticed a naga warrior
  1259 | D:2      | Noticed a black mamba
  1260 | D:2      | Noticed a water moccasin
  1261 | D:2      | Noticed a naga warrior
  1261 | D:2      | Noticed a water moccasin
  1402 | D:3      | Reached XP level 3. HP: 17/19 MP: 7/9
  1765 | D:3      | Reached XP level 4. HP: 22/24 MP: 7/13
  1771 | D:3      | Learned a level 4 spell: Throw Icicle
  1976 | D:3      | Reached skill level 5 in Ice Magic
  2133 | D:3      | Noticed Terence
  2139 | D:3      | Killed Terence
  2527 | D:3      | Killed from afar by an orc priest

Action                   |  1- 3 |  4- 6 || total
-------------------------+-------+-------++-------
Melee: Unarmed           |     1 |       ||     1
       Dagger            |     2 |       ||     2
       Falchion          |     1 |       ||     1
       Hand axe          |       |     3 ||     3
 Cast: Freeze            |    46 |    32 ||    78
       Throw Frost       |     2 |       ||     2
